 Dungeon Crawl Stone Soup version 0.26-a0-639-g72c4674329 (webtiles) character file.

Game seed: 556120421230931802

102338 xcvb the Necromancer (level 15, 0/118 HPs)
             Began as a Demonspawn Wanderer on Sept 26, 2020.
             Was an Initiate of Vehumet.
             Slain by a naga warrior
             ... wielding a +0 short sword
             ... created by the fury of Okawaru
              (6 damage)
             ... on level 2 of the Shoals.
             The game lasted 00:50:39 (34426 turns).

xcvb the Necromancer (Demonspawn Wanderer)         Turns: 34426, Time: 00:50:40

Health: 0/118      AC: 14    Str: 29    XL:     15   Next: 85%
Magic:  0/19       EV: 15    Int: 19    God:    Vehumet [......]
Gold:   153        SH: 13    Dex: 22    Spells: 14/20 levels left

rFire    . . .     SeeInvis +   o - +4 demon blade (pain)
rCold    . . .     Faith    +   G - +1 buckler
rNeg     . . .     Spirit   +   R - +0 acid dragon scales
rPois    .         Reflect  .   m - +0 helmet {SInv}
rElec    .         Harm     .   k - +2 cloak
rCorr    +         Rampage  .   A - +0 pair of gloves {Str+3}
MR       +....                  (no boots)
Stlth    ++........             L - amulet "Zazutt" {Faith Str+6 Int+4 Dex+2}
HPRegen  0.29/turn              g - +6 ring of dexterity
MPRegen  0.32/turn              w - +6 ring of strength

@: lethally poisoned (0 -> -1), constricted, studying 2 skills
A: talons 2, large bone plates 2, dopey 1, foul stench 1, wild magic 1, magic
shield, magic regeneration, rot immunity
a: Renounce Religion


You were on level 2 of the Shoals.
You worshipped Vehumet.
Vehumet was noncommittal.
You visited 6 branches of the dungeon, and saw 27 of its levels.
You also visited: Bailey and Ice Cave.

You collected 2528 gold pieces.
You spent 2375 gold pieces at shops.

Inventory:

Hand Weapons
 a - the +2 demon blade "Concordance" {pain, rPois rF+ Dex+4}
   (Okawaru gifted it to you on level 2 of the Orcish Mines)

   In the hands of one skilled in necromantic magic, it inflicts extra damage on
   living creatures.
   It affects your dexterity (+4).
   It protects you from fire.
   It protects you from poison.
 e - a +4 double sword of venom
 o - a +4 demon blade of pain (weapon)
 s - the +5 great sword of Accord {flame, rC+ Dex+3 Stlth+}
   (You bought it in a shop on level 7 of the Dungeon)

   It has been specially enchanted to burn those struck by it, causing extra
   injury to most foes and up to half again as much damage against particularly
   susceptible opponents.
   Big, fiery blades are also staple armaments of hydra-hunters.
   It affects your dexterity (+3).
   It protects you from cold.
   It makes you more stealthy.
Armour
 k - a +2 cloak (worn)
 m - a +0 helmet of see invisible (worn)
 A - a +0 pair of gloves of strength (worn)
 C - the +0 helmet "Zissitib" {Harm rPois rN+}
   (Okawaru gifted it to you on level 11 of the Dungeon)

   It protects you from poison.
   It protects you from negative energy.
   It increases damage dealt and taken.
 D - a +2 plate armour of fire resistance
 G - a +1 buckler (worn)
 R - +0 acid dragon scales (worn)
 U - the +0 robe of Indomitability {Str+3}
   (You found it on level 2 of the Lair of Beasts)

   It affects your strength (+3).
Jewellery
 c - an uncursed amulet of reflection
 g - a +6 ring of dexterity (left hand)
 w - a +6 ring of strength (right hand)
 z - an uncursed ring of ice
 L - the amulet "Zazutt" (around neck) {Faith Str+6 Int+4 Dex+2}
   (You acquired it on level 2 of the Lair of Beasts)

   [amulet of faith]

   It allows you to gain divine favour quickly.
   It affects your strength (+6).
   It affects your intelligence (+4).
   It affects your dexterity (+2).
 M - an uncursed ring of protection from cold
 P - a +6 ring of intelligence
Wands
 i - a wand of enslavement (11)
 u - a wand of digging (7)
 v - a wand of acid (5)
 y - a wand of disintegration (27)
 F - a wand of paralysis (5)
 N - a wand of flame (73)
Scrolls
 b - a scroll of blinking
 d - 5 scrolls of fog
 l - 11 scrolls of remove curse
 r - 4 scrolls of magic mapping
 H - 3 scrolls of fear
 I - 3 scrolls of amnesia
 J - 10 scrolls of identify
 Q - a scroll of immolation
 S - a scroll of torment
 T - a scroll of enchant armour
 W - a scroll of teleportation
Potions
 f - 3 potions of haste
 h - 6 potions of heal wounds
 j - 5 potions of brilliance
 n - 4 potions of flight
 q - 6 potions of curing
 t - 2 potions of stabbing
 x - 8 potions of magic
 B - 4 potions of mutation
 E - a potion of cancellation
 V - 2 potions of might
Books
 p - a manual of Necromancy
 O - a manual of Ice Magic
Miscellaneous
 K - a tin of tremorstones (1/3)


   Skills:
 - Level 11.0 Fighting
 - Level 16.2 Long Blades
   Level 2.9 Polearms
 - Level 9.1 Armour
 - Level 7.3 Dodging
 - Level 1.0 Stealth
 - Level 5.2 Shields
 - Level 3.0 Spellcasting
 * Level 16.9 Necromancy
   Level 2.0 Poison Magic


You had 14 spell levels left.
You knew the following spells:

 Your Spells              Type           Power        Failure   Level
a - Apportation           Tloc           #.....       24%         1
b - Excruciating Wounds   Necr           ######....   1%          5

Your spell library contained the following spells:

 Spells                   Type           Power        Failure   Level
 Corpse Rot               Necr/Air       N/A          1%          2
 Sublimation of Blood     Necr           ######....   1%          2
 Dispel Undead            Necr           ######..     1%          4
 Agony                    Necr           ######..     1%          5
 Shock                    Conj/Air       #...         24%         1
 Swiftness                Air            #.......     34%         2
 Portal Projectile        Hex/Tloc       #.....       54%         3
 Static Discharge         Conj/Air       #.......     54%         3
 Airstrike                Air            #.........   90%         4
 Lightning Bolt           Conj/Air       #.........   99%         5


Dungeon Overview and Level Annotations

Branches:
Dungeon (15/15)            Temple (0/1) D:4            Lair (6/6) D:9
 Shoals (2/4) Lair:2       Spider (1/4) Lair:2        Slime (1/5) Lair:5
    Orc (2/2) D:10            Elf (0/3) Orc:2        Vaults (0/5) D:13
 Depths (0/5) D:15         Bailey (visited)           IceCv (visited)

Altars:
Cheibriados
Dithmenos
Elyvilon
Fedhas
Gozag
Hepliaklqana
Nemelex Xobeh
Okawaru
Trog
Vehumet
Zin
The Shining One
Beogh
Jiyva

Shops:
D:7 (   Orc:2 [(*:   Shoals:1 !

Annotations:
D:3 2 transporters
D:6 1 transporter, p0werm0de's ghost, novice MiFi
D:15 3 runed translucent doors, Kouma's ghost, journeyman GnWz
Lair:6 exclusion: 2 oklob plants


Innate Abilities, Weirdness & Mutations

You have razor-sharp toenails.
You are mostly covered in large bone plates. (SH +6)
You may emit foul miasma when damaged in melee.
When hurt, damage is shared between your health and your magic reserves.
You regenerate magic rapidly.
You are immune to rotting.
You are dopey. (Int -2)
Your spells are a little harder to cast, but a little more powerful.


Message History

You are poisoned.
The frost giant hits you with a +1 battleaxe of freezing!!
* * * LOW HITPOINT WARNING * * *
The frost giant freezes you!
* * * LOW HITPOINT WARNING * * *
You feel much better.
You feel sick.
The titan gestures wildly while chanting.
The titan is healed somewhat.
The naga warrior hits you but does no damage.
The naga warrior looks sick.
The naga warrior grabs you.
* * * LOW HITPOINT WARNING * * *
The naga warrior constricts you. You block the frost giant's attack.
The naga warrior's grasp on you weakens, but your attempt to escape fails.
You feel sick.
The minotaur is no longer moving slowly.
The titan waves its arms in wide circles.
The air twists around and strikes you!
* * * LOW HITPOINT WARNING * * *
You block the naga warrior's attack.
You die...

≈≈≈≈≈≈≈≈≈≈≈≈≈≈≈≈≈≈≈≈≈≈
≈≈≈≈≈≈≈≈≈≈≈≈≈≈≈≈≈≈≈≈≈≈≈≈≈
≈≈≈≈≈≈≈≈≈≈≈≈≈≈≈≈≈≈≈≈≈≈≈≈≈≈
$.≈≈≈≈≈≈≈≈≈≈≈≈...≈≈≈≈≈≈≈≈≈
....≈≈≈≈≈≈≈≈...).≈≈≈≈≈≈≈≈≈
#...≈≈≈≈≈≈...##(......≈≈≈
#.....≈≈≈≈..##########≈≈≈
#.....≈...####.# ##≈≈≈
#.....@...<#...####..≈≈
####...C#NC..#.....#....≈≈
........#H...##.......≈≈≈≈
....≈≈≈..N)..##.......≈≈≈≈
......≈.....####......≈≈≈≈
###...≈..≈..####..###.≈≈≈≈
#......≈≈.......####≈≈≈≈
........≈≈....≈≈≈.###≈≈≈≈
....≈...P≈≈P≈≈≈≈≈≈...≈≈≈≈≈


You could see a titan (very poisoned), a frost giant (very poisoned), a naga
warrior (catching breath, sick), a minotaur (poisoned, sick) and a naga.

Vanquished Creatures
  Jorgrun (D:12)
  Rupert (D:13)
  Frances (D:13)
  An orc warlord (Orc:2)
  Nessos (Lair:6)
  An ettin (D:13)
  A merfolk impaler (Shoals:2)
  Josephine (D:13)
  A fire dragon (D:15)
  Erolcha (D:11)
  8 vault guards (D:13)
  4 hydras
  Erica (D:9)
  A catoblepas (Lair:6)
  2 death knights
  4 two-headed ogres
  A tengu warrior (D:14)
  2 orc high priests
  Sonja (Orc:1)
  11 spriggans (Lair:6)
  A fire crab (shapeshifter) (D:15)
  4 unseen horrors
  2 sea snakes (Shoals:1)
  2 wizards
  A swamp dragon (shapeshifter) (D:15)
  A lindwurm (Lair:6)
  4 harpies
  An orb spider (shapeshifter) (D:15)
  4 orc knights
  6 ugly things
  3 manticores
  4 fauns (Shoals:1)
  2 deep elf magi
  3 orc sorcerers
  3 cyclopes
  4 elephants (Lair:4)
  Maurice (Orc:1)
  3 ice statues (IceCv)
  2 black mambas (Lair:6)
  A gargoyle (D:13)
  A centaur skeleton (D:14)
  12 cane toads
  4 komodo dragons
  3 rime drakes
  3 efreet
  2 yaktaurs (shapeshifter)
  A redback zombie (D:14)
  3 merfolk
  6 trolls
  Grinder (D:5)
  2 jumping spiders (Spider:1)
  4 polar bears (Lair:6)
  7 hornets
  13 blink frogs (Lair:6)
  17 slime creatures
  A dream sheep (Lair:6)
  2 snapping turtles
  A meliai zombie (D:13)
  9 hippogriffs
  7 wraiths
  6 redbacks (Spider:1)
  2 tarantellas (Spider:1)
  Sigmund (D:4)
  31 yaks
  2 golden eyes (Slime:1)
  2 water elementals
  2 wyverns
  A basilisk (D:14)
  5 vampire mosquitoes
  Grum (Lair:1)
  2 wargs
  An acid dragon (D:15)
  5 porcupines
  13 water moccasins
  9 ice beasts
  5 black bears
  32 orc warriors
  2 sky beasts
  5 phantoms
  10 ogres
  An eye of draining (D:8)
  40 wolves
  2 centaurs
  10 boggarts
  7 crocodiles
  Blork the orc (D:4)
  4 big kobolds
  3 gnoll sergeants
  22 bullfrogs
  2 wyvern zombies
  9 scorpions
  7 killer bees (D:8)
  11 wights
  7 howler monkeys
  7 electric eels (D:13)
  3 centaur zombies
  5 quasits
  2 bullfrog zombies
  3 hounds
  18 orc priests
  A bullfrog skeleton (D:8)
  2 jellies
  29 orc wizards
  Ijyb (D:5)
  2 iguanas (D:8)
  6 worker ants
  A hound zombie (D:9)
  2 hound skeletons
  A worker ant zombie (D:2)
  25 gnolls
  12 adders
  A shadow imp (D:9)
  12 white imps (Lair:6)
  3 ufetubi
  An ooze (D:1)
  An adder skeleton (D:4)
  8 worms
  A dart slug (D:2)
  7 leopard geckos
  66 orcs
  7 bats
  9 giant cockroaches
  15 goblins
  11 hobgoblins (Bailey)
  5 jackals
  2 quokkas
  4 frilled lizards (D:1)
  2 jackal skeletons (D:5)
  17 kobolds
  A quokka skeleton (D:4)
  A quokka zombie (D:5)
  8 rats
761 creatures vanquished.

Vanquished Creatures (others)
  An ugly thing (D:15)
  A blink frog (Lair:6)
  A golden eye (Slime:1)
  An ice beast (D:12)
  A jelly (D:12)
  An orc wizard (Orc:1)
  3 orcs
  24 fungi
  30 plants
63 creatures vanquished.

Grand Total: 824 creatures vanquished

Notes
Turn   | Place    | Note
-------+----------+-------------------------------------------
     0 | D:1      | xcvb the Demonspawn Wanderer began the quest for the Orb.
     0 | D:1      | xcvb set off with the following items: a +2 dagger, a
                  | scroll of blinking, a potion of lignification, a +0 robe;
                  | and the following spell memorised: Apportation; and the
                  | following spells available to memorise: Portal Projectile
     0 | D:1      | Reached XP level 1. HP: 15/15 MP: 4/4
   230 | D:1      | Gained mutation: You have sharp toenails. [demonic
                  | ancestry]
   230 | D:1      | Reached XP level 2. HP: 17/22 MP: 6/6
  1591 | D:1      | Reached XP level 3. HP: 28/28 MP: 7/7
  2033 | D:2      | Found a white marble altar of Elyvilon.
  2461 | D:2      | Found a glowing golden altar of the Shining One.
  2471 | D:2      | Found a radiant altar of Vehumet.
  2472 | D:2      | Found a bloodstained altar of Trog.
  2472 | D:2      | Found a blossoming altar of Fedhas.
  2524 | D:2      | Reached XP level 4. HP: 25/35 MP: 8/8
  3228 | D:2      | Found a shadowy altar of Dithmenos.
  3338 | D:3      | Found a transporter.
  3389 | D:3      | Found a transporter.
  3391 | D:3      | Noticed a big kobold
  3392 | D:3      | Found a glowing silver altar of Zin.
  3604 | D:3      | Found a hazy altar of Hepliaklqana.
  4441 | D:4      | Found an iron altar of Okawaru.
  4457 | D:4      | Became a worshipper of Warmaster Okawaru
  4517 | D:4      | Noticed a phantom
  4583 | D:4      | Killed a phantom
  4583 | D:4      | Gained mutation: You have razor-sharp toenails. [demonic
                  | ancestry]
  4583 | D:4      | Reached XP level 5. HP: 40/43 MP: 9/9
  5207 | D:4      | Gained mutation: When hurt, damage is shared between your
                  | health and your magic reserves. [demonic ancestry]
  5207 | D:4      | Reached XP level 6. HP: 41/49 MP: 10/10
  5309 | D:4      | Noticed Blork the orc
  5327 | D:4      | Killed Blork the orc
  5327 | D:4      | Reached skill level 1 in Armour
  5469 | D:4      | Noticed Sigmund
  5473 | D:4      | Killed Sigmund
  5473 | D:4      | Reached * piety under Okawaru
  5473 | D:4      | Reached skill level 5 in Fighting
  5575 | D:4      | Found a staircase to the Ecumenical Temple.
  5728 | D:4      | Gained mutation: You regenerate magic rapidly. [demonic
                  | ancestry]
  5728 | D:4      | Reached XP level 7. HP: 56/56 MP: 11/11
  6002 | D:5      | Entered Level 5 of the Dungeon
  6450 | D:5      | Reached ** piety under Okawaru
  6519 | D:5      | Reached XP level 8. HP: 65/65 MP: 12/12
  6593 | D:5      | Noticed Grinder
  6606 | D:5      | Paralysed by Grinder for 3 turns
  6612 | D:5      | Paralysed by Grinder for 6 turns
  6620 | D:5      | Killed Grinder
  6620 | D:5      | Reached skill level 5 in Dodging
  6810 | D:5      | Found a hazy altar of Hepliaklqana.
  6861 | D:5      | Noticed Ijyb
  6872 | D:5      | Paralysed by Ijyb for 4 turns
  6880 | D:5      | Killed Ijyb
  7354 | D:6      | Reached skill level 1 in Polearms
  7473 | D:6      | Found a transporter.
  7534 | D:6      | Found a transporter.
  8037 | D:6      | Noticed p0werm0de's ghost (novice MiFi)
  8797 | D:7      | Found Rublu's Antique Weapon Shop.
  8815 | D:7      | Bought an iridescent great sword for 299 gold pieces
  8815 | D:7      | Identified the +5 great sword of Accord {flame, rC+ Dex+3
                  | Stlth+} (You bought it in a shop on level 7 of the Dungeon)
  8836 | D:7      | Reached skill level 1 in Long Blades
  9225 | D:7      | Reached XP level 9. HP: 64/72 MP: 11/13
  9348 | D:7      | Reached *** piety under Okawaru
  9460 | D:7      | Found a glowing silver altar of Zin.
  9590 | D:8      | You fall into a shaft and drop 3 floors!
  9602 | D:10     | Entered Level 10 of the Dungeon
  9893 | D:9      | Found a staircase to the Lair.
  9894 | D:9      | Noticed a two-headed ogre
  9900 | D:9      | Killed a two-headed ogre
  9900 | D:9      | Reached skill level 5 in Long Blades
  9900 | D:9      | Reached skill level 5 in Armour
  9922 | D:9      | Found a flagged portal.
  9938 | Bailey   | Entered a bailey
  9939 | Bailey   | Identified a scroll of acquirement
  9939 | Bailey   | Acquired a +3 demon blade of pain
 10009 | Bailey   | Reached **** piety under Okawaru
 10088 | Bailey   | Noticed an orc knight
 10366 | Bailey   | Killed an orc knight
 10814 | D:8      | Found a white marble altar of Elyvilon.
 10858 | D:8      | Found an opulent altar of Gozag.
 10947 | D:8      | Gained mutation: You are immune to rotting. [demonic
                  | ancestry]
 10947 | D:8      | Reached XP level 10. HP: 80/80 MP: 14/14
 10953 | D:8      | Gained mutation: You are partially covered in large bone
                  | plates. (SH +4) [demonic ancestry]
 10953 | D:8      | Reached XP level 11. HP: 83/87 MP: 13/15
 10963 | D:8      | Killed an unseen horror
 10963 | D:8      | Reached ***** piety under Okawaru
 10980 | D:8      | Received a gift from Okawaru
 11132 | D:8      | Reached skill level 10 in Long Blades
 11900 | D:9      | Noticed Erica
 11908 | D:9      | Killed Erica
 12138 | D:9      | Found a snail-covered altar of Cheibriados.
 12705 | D:10     | Found a staircase to the Orcish Mines.
 13850 | D:11     | Noticed Erolcha
 13856 | D:11     | Killed Erolcha
 13856 | D:11     | Received a gift from Okawaru
 13859 | D:11     | Got a faintly humming helmet {god gift}
 13870 | D:11     | Identified the +0 helmet "Zissitib" {Harm rPois rN+}
                  | (Okawaru gifted it to you on level 11 of the Dungeon)
 13934 | D:11     | Got a ruby-encrusted ring mail
 13945 | D:11     | Identified the +1 ring mail of the Monkey's Uncle {*Contam
                  | MR+ Int+3} (You found it on level 11 of the Dungeon)
 14367 | D:11     | Noticed a two-headed ogre
 14393 | D:11     | Killed a two-headed ogre
 15056 | D:12     | Reached XP level 12. HP: 65/96 MP: 10/16
 15199 | D:12     | Noticed Jorgrun
 15666 | Lair:1   | Entered Level 1 of the Lair of Beasts
 15674 | Lair:1   | Noticed a four-headed hydra
 15688 | Lair:1   | Killed a one-headed hydra
 15753 | Lair:1   | Noticed a four-headed hydra
 15761 | Lair:1   | Killed a two-headed hydra
 15931 | Lair:1   | Noticed Grum
 15953 | Lair:1   | Killed Grum
 16401 | Lair:1   | Noticed a six-headed hydra
 16406 | Lair:1   | Killed a five-headed hydra
 16606 | Lair:2   | Reached skill level 10 in Fighting
 16759 | Lair:2   | You fall into a shaft and drop 2 floors!
 16842 | Lair:3   | Noticed a six-headed hydra
 16848 | Lair:3   | Killed a four-headed hydra
 17095 | Lair:3   | Received a gift from Okawaru
 17620 | Lair:2   | Found a hole to the Spider Nest.
 17814 | Lair:2   | Gained mutation: You are mostly covered in large bone
                  | plates. (SH +6) [demonic ancestry]
 17814 | Lair:2   | Reached XP level 13. HP: 90/103 MP: 15/17
 17972 | Lair:2   | Found a staircase to the Shoals.
 19808 | Lair:5   | Found a viscous altar of Jiyva.
 19808 | Lair:5   | Found a staircase to the Slime Pits.
 20005 | Lair:6   | Entered Level 6 of the Lair of Beasts
 20027 | Lair:6   | Reached ****** piety under Okawaru
 20056 | Lair:6   | HP: 4/104 [acid (8)]
 20103 | Lair:6   | Found a radiant altar of Vehumet.
 20174 | Lair:6   | Noticed Nessos
 20182 | Lair:6   | Killed Nessos
 20244 | Lair:6   | Received a gift from Okawaru
 20293 | Lair:6   | Found a frozen archway.
 20310 | IceCv    | Entered an ice cave
 21109 | IceCv    | Reached skill level 15 in Long Blades
 21457 | Lair:6   | Received a gift from Okawaru
 22545 | Lair:6   | Reached XP level 14. HP: 97/111 MP: 15/18
 22628 | Lair:6   | Reached skill level 5 in Shields
 23364 | Orc:1    | Entered Level 1 of the Orcish Mines
 23369 | Orc:1    | Received a gift from Okawaru
 23432 | Orc:1    | Noticed Maurice
 23436 | Orc:1    | Killed Maurice
 23498 | Orc:2    | Entered Level 2 of the Orcish Mines
 23498 | Orc:2    | Found a staircase to the Elven Halls.
 23679 | Orc:2    | Noticed an orc warlord
 23700 | Orc:2    | Killed an orc warlord
 23700 | Orc:2    | Received a gift from Okawaru
 23773 | Orc:2    | Got a scorched demon blade {god gift}
 23774 | Orc:2    | Identified the +2 demon blade "Concordance" {pain, rPois
                  | rF+ Dex+4} (Okawaru gifted it to you on level 2 of the
                  | Orcish Mines)
 23833 | Orc:2    | Gained mutation: You are resistant to hostile enchantments.
                  | (MR+) [potion of mutation]
 23833 | Orc:2    | Gained mutation: You are weak. (Str -2) [potion of
                  | mutation]
 23833 | Orc:2    | Gained mutation: Your magical capacity is low. (-10% MP)
                  | [potion of mutation]
 23833 | Orc:2    | Gained mutation: You are highly resistant to hostile
                  | enchantments. (MR++) [potion of mutation]
 24153 | Orc:2    | Lost mutation: You are highly resistant to hostile
                  | enchantments. (MR++) [potion of mutation]
 24153 | Orc:2    | Lost mutation: You are weak. (Str -2) [potion of mutation]
 24153 | Orc:2    | Lost mutation: You are resistant to hostile enchantments.
                  | (MR+) [potion of mutation]
 24153 | Orc:2    | Lost mutation: Your magical capacity is low. (-10% MP)
                  | [potion of mutation]
 24153 | Orc:2    | Gained mutation: You are dopey. (Int -2) [potion of
                  | mutation]
 24153 | Orc:2    | Gained mutation: Your spells are a little harder to cast,
                  | but a little more powerful. [potion of mutation]
 24179 | Orc:2    | Found a roughly hewn altar of Beogh.
 24193 | Orc:2    | Found Suvoguod's General Store.
 24435 | Orc:2    | Bought a potion of mutation for 112 gold pieces
 24455 | Orc:2    | Found Hiumy's Book Shoppe.
 24672 | Orc:2    | Found a roughly hewn altar of Beogh.
 24718 | Orc:2    | Found Efes Jelail's Antique Armour Shoppe.
 24724 | Orc:2    | Bought a shiny helmet for 255 gold pieces
 24743 | Orc:2    | Found Cosaliuf's Antique Weapon Shoppe.
 24980 | Orc:1    | Noticed Sonja
 24992 | Orc:1    | Killed Sonja
 25212 | Orc:1    | Received a gift from Okawaru
 25497 | Orc:2    | Bought a book of Death for 1120 gold pieces
 25505 | Orc:2    | Learned a level 5 spell: Excruciating Wounds
 25647 | D:12     | Killed Jorgrun
 25801 | D:12     | Reached skill level 5 in Necromancy
 26717 | D:13     | Noticed Rupert
 26725 | D:13     | Killed Rupert
 26725 | D:13     | Received a gift from Okawaru
 27324 | D:13     | Noticed Josephine
 27808 | D:13     | Killed Josephine
 28373 | D:13     | Found a gate to the Vaults.
 28398 | D:13     | Gained mutation: You may emit foul miasma when damaged in
                  | melee. [demonic ancestry]
 28398 | D:13     | Reached XP level 15. HP: 96/118 MP: 16/19
 28428 | D:13     | Reached skill level 10 in Necromancy
 29361 | D:13     | Noticed Frances
 29371 | D:13     | Killed Frances
 29640 | D:13     | Acquired a manual of Necromancy
 29773 | D:14     | Received a gift from Okawaru
 30449 | D:14     | Found a sparkling altar of Nemelex Xobeh.
 30658 | D:15     | Entered Level 15 of the Dungeon
 30942 | D:15     | HP: 4/118 [poison (poison gas)]
 31217 | D:15     | Found a staircase to the Depths.
 31297 | D:15     | Received a gift from Okawaru
 31338 | D:15     | Reached skill level 15 in Necromancy
 31790 | D:15     | Found a runed translucent gate.
 31790 | D:15     | Found a runed translucent gate.
 31793 | D:15     | Noticed a tengu reaver
 31794 | D:15     | Found a runed translucent gate.
 31794 | D:15     | Noticed Kouma's ghost (journeyman GnWz)
 32130 | Spider:1 | Entered Level 1 of the Spider Nest
 32640 | Lair:2   | Got a shimmering robe
 32641 | Lair:2   | Acquired the amulet "Zazutt" {Faith Str+6 Int+4 Dex+2}
 32728 | Lair:6   | Fell from the grace of Okawaru
 32728 | Lair:6   | Became a worshipper of Vehumet
 32917 | Lair:6   | Identified the +0 robe of Indomitability {Str+3} (You found
                  | it on level 2 of the Lair of Beasts)
 33058 | Slime:1  | Entered Level 1 of the Pits of Slime
 33058 | Slime:1  | Noticed an acid blob
 33058 | Slime:1  | Noticed an acid blob
 33067 | Slime:1  | Noticed an acid blob
 33067 | Slime:1  | Noticed an acid blob
 33528 | Shoals:1 | Entered Level 1 of the Shoals
 33529 | Shoals:1 | Found Reic's Distillery.
 33560 | Shoals:1 | Bought 2 potions of might for 152 gold pieces
 33560 | Shoals:1 | Bought a potion of mutation for 152 gold pieces
 33560 | Shoals:1 | Bought 2 potions of heal wounds for 190 gold pieces
 33560 | Shoals:1 | Bought a potion of heal wounds for 95 gold pieces
 33729 | Shoals:1 | Noticed a titan
 33729 | Shoals:1 | Noticed an orc warlord
 34412 | Shoals:2 | Noticed a frost giant
 34412 | Shoals:2 | Noticed a titan
 34424 | Shoals:2 | HP: 3/118 [frost giant/+1 battleaxe of freezing[the fury of
                  | Okawaru] (6)]
 34426 | Shoals:2 | Slain by a naga warrior

Illustrated notes

Levels and vault maps discovered:
D:1:      mrwooster_arrival_statue, layout_loops_ring, minmay_indecisive_spiral
D:2:      layout_basic, grunt_dithmenos_smoke_and_mirrors, elyvilon_altar_5,
          minitemple
D:3:      layout_loops_corners, old_standard_altar,
          gammafunk_temple_overflow_arena
D:4:      layout_cave_pods, okawaru_ov_weapons_minmay,
          minmay_temple_entry_butterflies, minmay_pentangle, uniq_blork_the_orc,
          uniq_sigmund
D:5:      layout_layer_cave, basic_altar, guppyfry_early_lair_pool, uniq_ijyb,
          uniq_grinder
D:6:      layout_loops_ring, gammafunk_ghost_stat_death, lemuel_flame_loot_1
D:7:      layout_loops_ring, serial_shops, nicolae_shop_waterfront, basic_altar
D:8:      layout_rooms, nicolae_gozag_cash_rules_everything_around_me,
          basic_altar, abandoned_shop, chequers_serial_rivers_micro_d,
          minmay_pinched_square
D:9:      layout_loops_cross, slow_altar_2, dpeg_oklobed_lair, enter_bailey_3,
          uniq_erica
D:10:     layout_stronghold, kennysheep_orc_monster_closet_entryway,
          minivault_25_ag
D:11:     layout_small_grid, grunt_decor_resistance, uniq_erolcha
D:12:     layout_cave_pools, uniq_jorgrun
D:13:     evilmike_horseshoe, layout_basic, erik_vaults_2, uniq_frances,
          uniq_rupert, uniq_josephine
D:14:     layout_basic, nemelex_xobeh_ov_fountains_minmay
D:15:     gammafunk_enter_depths_forms, layout_basic, gammafunk_ghost_split,
          nicolae_wwwww
Lair:1:   layout_misc_corridors, uniq_grum
Lair:2:   layout_misc_corridors, minmay_shoals_entry_hut,
          nicolae_spider_entry_non_spiders, chequers_serial_rivers_micro_b,
          lemuel_fruit_tree
Lair:3:   layout_regular_city, grunt_megastairs_4
Lair:4:   layout_long_grid, lemuel_fruit_fields
Lair:5:   layout_long_grid, slime_altar_1, chequers_serial_rivers_micro_c
Lair:6:   minmay_lair_end_enchanted_forest, layout_hall_layers,
          portal_ice_cave_entry_imps, basic_altar, grunt_megastairs_1,
          infiniplex_staircase_pool_2, minmay_lair_oklob_chamber,
          serial_bayou_shore_b, uniq_nessos
Shoals:1: layout_shoals, serial_shops, nicolae_shop_waterfront
Shoals:2: layout_shoals
Spider:1: nicolae_spider_hall_of_the_moth_king, drop_trap
Slime:1:  layout_caves
Orc:1:    layout_diamond_mine, uniq_sonja, uniq_maurice
Orc:2:    grunt_orc_cross, layout_diamond_mine, basic_altar

Skill      XL: |  1  2  3  4  5  6  7  8  9 10 11 12 13 14 15 |
---------------+----------------------------------------------+-----
Fighting       | 2 3 4 5 6 7 8 9 10 11 | 11.0
Dodging        | 2 3 4 5 7 |  7.3
Armour         | 1 3 4 5 6 7 8 9 |  9.1
Polearms       | 2 |  2.9
Long Blades    | 1 7 9 11 13 15 16 | 16.2
Shields        | 3 4 5 |  5.2
Necromancy     | 9 16 | 16.9
Stealth        | |  1.0
Spellcasting   | |  3.0
Poison Magic   | |  2.0

Action                   |  1- 3 |  4- 6 |  7- 9 | 10-12 | 13-15 || total
-------------------------+-------+-------+-------+-------+-------++-------
Melee: Dagger            |   142 |   158 |       |       |       ||   300
       Mace              |    13 |       |       |       |       ||    13
       Kick              |    26 |    45 |    90 |   163 |   557 ||   881
       Glaive            |       |    16 |   203 |       |       ||   219
       Great sword       |       |       |   121 |   402 |   845 ||  1368
       Demon blade       |       |       |       |       |   328 ||   328
Evoke: Wand              |       |       |       |     1 |    17 ||    18
       Tin of tremorston |       |       |       |       |     6 ||     6
  Use: Scroll            |     3 |     8 |    20 |     5 |    23 ||    59
       Potion            |       |     6 |     3 |     2 |    31 ||    42
 Stab: Sleeping          |     1 |       |     6 |       |     2 ||     9
       Distracted        |       |       |     1 |       |       ||     1
       Paralysed         |       |       |       |       |     1 ||     1
       Invisible         |       |       |       |       |    10 ||    10
Armor: Robe              |    28 |     6 |       |       |       ||    34
       Ring mail         |       |    26 |   143 |       |       ||   169
       Skin              |       |     1 |       |       |       ||     1
       Plate armour      |       |       |     3 |   218 |   443 ||   664
       Acid dragon scale |       |       |       |       |    25 ||    25
Dodge: Dodged            |    87 |    89 |   289 |   170 |   495 ||  1130
Block: Other             |     7 |    38 |    83 |   197 |   502 ||   827
       Reflection        |       |       |    13 |     9 |    23 ||    45
       Buckler           |       |       |       |       |   214 ||   214
       Rpst.: Great sword |       |       |    29 |    44 |   105 ||   178
       Demon blade       |       |       |       |       |    29 ||    29

Table legend: (Time is in decaauts)
 A = Elapsed time spent in this place.
 B = Non-inter-level travel time spent in this place.
 C = Inter-level travel time spent in this place.
 D = Time resting spent in this place.
 E = Time spent auto-exploring this place.
 F = Levels seen in this place.
 G = Mean time per level.
                   A        B        C        D        E       F      G
               +--------+--------+--------+--------+--------+-----+--------+
         Total |  34542 |  32461 |   2081 |   8929 |  18273 |  29 | 1191.1 |
       Dungeon |  21617 |  20156 |   1461 |   5558 |  11506 |  15 | 1441.1 |
          Lair |   7437 |   6987 |    450 |    849 |   5006 |   6 | 1239.5 |
        Shoals |    892 |    892 |      0 |    346 |    422 |   2 |  446.0 |
   Spider Nest |    494 |    494 |      0 |    421 |      0 |   1 |  494.0 |
    Slime Pits |     13 |     13 |      0 |      0 |      0 |   1 |   13.0 |
  Orcish Mines |   2184 |   2016 |    168 |    612 |    937 |   2 | 1092.0 |
        Bailey |    772 |    772 |      0 |    260 |    298 |   1 |  772.0 |
      Ice Cave |   1131 |   1131 |      0 |    883 |    103 |   1 | 1131.0 |
               +--------+--------+--------+--------+--------+-----+--------+

Top non-repeatable levels by time:
    D:13: 2793 daAuts
  Lair:6: 2388 daAuts
     D:1: 1909 daAuts
    D:11: 1657 daAuts
   Orc:2: 1608 daAuts
     D:4: 1606 daAuts
     D:2: 1475 daAuts
    D:12: 1445 daAuts
     D:5: 1377 daAuts
     D:6: 1366 daAuts
     D:9: 1356 daAuts
  Lair:4: 1297 daAuts
    D:15: 1278 daAuts
     D:3: 1215 daAuts
     D:7: 1179 daAuts
